 Dungeon Crawl Stone Soup version 0.30-a0-939-gc8157cb160 (webtiles) character file.

Game seed: 10700867883560356858

3458 octoduck the Cleaver (level 9, -1/63 HPs)
             Began as a Demonspawn Berserker on Mar 25, 2023.
             Was a Priest of Trog.
             Slain by a yak (6 damage)
             ... on level 6 of the Dungeon.
             The game lasted 00:16:15 (8269 turns).

octoduck the Cleaver (Demonspawn Berserker)         Turns: 8269, Time: 00:16:15

Health: -1/63      AC: 18    Str: 21    XL:     9   Next: 78%
Magic:  9/9        EV:  6    Int:  8    God:    Trog [***...]
Gold:   355        SH:  6    Dex: 14    Spells: 8/8 levels left

rFire   . . .      SeeInvis +    a - +0 hand axe
rCold   . . .      Faith    .    e - +3 buckler
rNeg    . . .      Spirit   .    i - +0 plate armour
rPois   .          Reflect  .    (helmet restricted)
rElec   .          Rampage  .    u - +0 cloak
rCorr   .                        (no gloves)
Will    .....                    j - +0 pair of boots Stlth
                                 h - amulet of the acrobat
HPRegen 0.30/turn                m - ring of see invisible
MPRegen 0.22/turn                (no ring)

@: mighty, sanguine armoured, on berserk cooldown, hasted, very quick
A: antennae 2, magic regeneration, sanguine armour 1
a: Renounce Religion, Berserk, Trog's Hand


You were on level 6 of the Dungeon.
You worshipped Trog.
Trog was most pleased with you.
You visited 1 branch of the dungeon, and saw 7 of its levels.
You also visited: Sewer.

You collected 355 gold pieces.

Inventory:

Hand Weapons
 a - a +0 hand axe (weapon)
Missiles
 p - a throwing net (quivered)
Armour
 e - a +3 buckler (worn)
 i - a +0 plate armour (worn)
 j - a +0 pair of boots (worn)
 u - a +0 cloak (worn)
Jewellery
 h - an amulet of the acrobat (around neck)
 m - a ring of see invisible (left hand)
Scrolls
 c - 2 scrolls of poison
 d - a scroll of magic mapping
 g - 2 scrolls of teleportation
 l - 3 scrolls of immolation
 o - a scroll of blinking {unknown}
 w - 2 scrolls of identify
Potions
 b - 4 potions of attraction
 f - 2 potions of might
 n - a potion of degeneration {unknown}
 q - 4 potions of curing
 r - a potion of brilliance
 s - a potion of cancellation {unknown}
 t - a potion of mutation {unknown}
 v - a potion of invisibility {unknown}
 x - a potion of resistance {unknown}
 z - a potion of lignification {unknown}


   Skills:
 - Level 3.0 Fighting
 + Level 13.0 Axes
 - Level 1.7 Armour
 - Level 1.7 Dodging


You had 8 spell levels left.
You didn't know any spells.
Your spell library was empty.

Dungeon Overview and Level Annotations

Branches:
Dungeon (7/15)             Temple (0/1) D:4           Sewer (visited)

Altars:
Ashenzari
Cheibriados
Qazlal
Wu Jian
Xom

Shops:
D:6 [[


Innate Abilities, Weirdness & Mutations

You have a pair of antennae on your head.
You regenerate magic rapidly.
When seriously injured, your blood forms armour. (AC +6)


Message History

The yak gores you but does no damage.
You closely miss the yak.
The yak is severely wounded.
The yak gores you. The yak completely misses you.
The yak attacks as you move away! The yak gores you!
You block the yak's attack. The yak completely misses you.
The yak closely misses you. The yak attacks as you move away!
The yak closely misses you. You block the yak's attack. x2
You block the yak's attack. The yak closely misses you.
The yak attacks as you move away! The yak closely misses you.
The yak attacks as you move away! The yak misses you.
The yak gores you but does no damage. x2
There is a stone staircase leading up here.
The yak gores you but does no damage. x2
You climb upwards.
There is a stone staircase leading down here.
The yak gores you but does no damage. You block the yak's attack.
The yak attacks as you move away! You block the yak's attack.
The yak closely misses you. The yak attacks as you move away!
The yak barely misses you. The yak attacks as you move away! The yak gores you.
The yak closely misses you.
You aren't carrying any items that you can evoke.
You feel very mighty all of a sudden. The yak gores you but does no damage.
You hit the yak.
The yak is lightly wounded.
The yak gores you.
You closely miss the yak.
The yak is lightly wounded.
The yak gores you!
* * * LOW HITPOINT WARNING * * *
You feel yourself speed up.
You feel yourself speed up. The yak gores you!
* * * LOW HITPOINT WARNING * * *
The yak gores you.
You die...

### #.# #.# #.# #@#
##Y# #.Y#
###############..#
.............>...#
.................####
#.#.................#
#.#.######..#.#.#####
##### #.####.#


You could see 2 yaks.

Vanquished Creatures
  The ghost of jejorda2 the Poker, a novice MfBe of Trog (D:5)
  4 yaks
  Eustachio (D:4)
  2 steam dragons
  Edmund (D:5)
  3 water moccasins
  Duvessa (D:7)
  2 ice beasts (D:5)
  A sky beast (D:6)
  2 centaurs
  A kobold brigand (D:4)
  A bullfrog (D:6)
  2 scorpions
  A gnoll sergeant (D:6)
  Dowan (D:7)
  3 killer bees (D:7)
  2 howler monkeys
  An orc priest (D:6)
  A sleepcap (D:5)
  4 hounds
  3 jellies
  A gnoll bouda (D:6)
  Natasha (twice) (D:4)
  2 orc wizards
  6 gnolls
  8 adders
  A shadow imp (D:5)
  A white imp (D:5)
  An ufetubus (D:5)
  A worm (D:3)
  3 dart slugs (D:1)
  8 orcs
  11 ball pythons
  13 bats
  10 endoplasms
  7 giant cockroaches
  5 goblins
  4 hobgoblins
  8 kobolds
  7 quokkas
  4 frilled lizards
  8 rats
149 creatures vanquished.

Vanquished Creatures (others)
  8 fungi (D:6)
  4 plants (D:4)
12 creatures vanquished.

Grand Total: 161 creatures vanquished

Notes
Turn   | Place    | Note
-------+----------+-------------------------------------------
     0 | D:1      | octoduck the Demonspawn Berserker began the quest for the
                  | Orb.
     0 | D:1      | Reached XP level 1. HP: 18/18 MP: 1/1
    69 | D:1      | Reached skill level 3 in Axes
    77 | D:1      | Gained mutation: You regenerate magic rapidly. [demonic
                  | ancestry]
    77 | D:1      | Reached XP level 2. HP: 23/24 MP: 2/2
   690 | D:1      | Reached XP level 3. HP: 29/29 MP: 3/3
   826 | D:1      | Reached skill level 4 in Axes
  1095 | D:2      | Found a faded altar of an unknown god.
  1353 | D:2      | Reached XP level 4. HP: 35/35 MP: 4/4
  1371 | D:2      | Reached ** piety under Trog
  2079 | D:3      | Found a glowing drain.
  2151 | Sewer    | Entered a sewer
  2159 | Sewer    | Reached skill level 5 in Axes
  2176 | Sewer    | Noticed a water moccasin
  2186 | Sewer    | Killed a water moccasin
  2187 | Sewer    | Gained mutation: When seriously injured, your blood forms
                  | armour. (AC +6) [demonic ancestry]
  2187 | Sewer    | Reached XP level 5. HP: 41/41 MP: 5/5
  2504 | D:3      | Reached skill level 6 in Axes
  2849 | D:4      | Found a staircase to the Ecumenical Temple.
  2865 | D:4      | Noticed Eustachio
  2891 | D:4      | Killed Eustachio
  2892 | D:4      | Gained mutation: You have a pair of small antennae on your
                  | head. [demonic ancestry]
  2892 | D:4      | Reached XP level 6. HP: 10/47 MP: 6/6
  3018 | D:4      | Noticed Natasha
  3038 | D:4      | Killed Natasha
  3107 | D:4      | Reached skill level 7 in Axes
  3140 | D:4      | You fall into a shaft and drop 2 floors!
  3145 | D:5      | Entered Level 5 of the Dungeon
  3145 | D:5      | Noticed an ice beast
  3169 | D:5      | Killed an ice beast
  3170 | D:5      | Reached XP level 7. HP: 52/52 MP: 7/7
  3375 | D:5      | Reached skill level 8 in Axes
  3547 | D:4      | Noticed Natasha
  3558 | D:4      | Killed Natasha
  3833 | D:4      | Reached *** piety under Trog
  3980 | D:5      | Noticed jejorda2's ghost (novice MfBe)
  3980 | D:5      | Found a runed translucent door.
  4301 | D:5      | Reached skill level 9 in Axes
  4301 | D:5      | Gained mutation: You have a pair of antennae on your head.
                  | [demonic ancestry]
  4301 | D:5      | Reached XP level 8. HP: 18/58 MP: 8/8
  4813 | D:5      | Noticed Edmund
  4838 | D:5      | Killed Edmund
  4986 | D:5      | Killed jejorda2's ghost
  4987 | D:5      | Reached skill level 10 in Axes
  5630 | D:6      | Reached skill level 11 in Axes
  5833 | D:6      | Found a snail-covered altar of Cheibriados.
  5856 | D:6      | Reached XP level 9. HP: 54/63 MP: 9/9
  5857 | D:6      | Identified the +7 dagger of Bloodstone {drain, Contam Int+2
                  | SInv}
  6199 | D:6      | Found Zadduch's Antique Armour Boutique.
  6330 | D:6      | Found Gyirygguty's Armour Boutique.
  6449 | D:6      | Found a shimmering altar of Xom.
  6454 | D:6      | Found a stormy altar of Qazlal.
  6460 | D:6      | Found a broken altar of Ashenzari.
  6858 | D:7      | Noticed Duvessa
  6858 | D:7      | Noticed Dowan
  7327 | D:7      | Reached skill level 12 in Axes
  7371 | D:7      | Killed Duvessa
  7459 | D:7      | Found an ornate altar of the Wu Jian Council.
  7487 | D:7      | Killed Dowan
  8241 | D:7      | Reached skill level 13 in Axes
  8269 | D:6      | Slain by a yak

Illustrated notes

Levels and vault maps discovered:
D:1:      sevenhm_arrival_forest_fort_small_5, layout_loops_ring, st_stairs_2,
          minmay_misc_feat_more_columns, corexii_item_surrounded_by_moat
D:2:      layout_basic, nicolae_ecumenical_lake_church
D:3:      layout_loops_cross, gup_sewer_entry_pipe
D:4:      layout_rooms, minmay_temple_entry_arrows, lexackson_kobold_supper,
          uniq_natasha, uniq_eustachio
D:5:      layout_loops_ring, hellmonk_ghost_happy_afterlife, uniq_edmund
D:6:      layout_basic, mainiacjoe_overflow_small_starburst,
          minmay_overflow_temple_star_quad, serial_aquarium,
          aquarium_bridge_straight [aquarium_subvault_bridge,
          aquarium_subvault_wall, aquarium_subvault_bridge,
          aquarium_subvault_window], aquarium_bridge_square
          [aquarium_subvault_balcony, aquarium_subvault_bridge,
          aquarium_subvault_bridge, aquarium_subvault_wall], aquarium_window_3,
          aquarium_window_corner, aquarium_view_4, aquarium_balcony_3b,
          aquarium_pool_2, serial_shops, kennysheep_little_box, shop
D:7:      layout_gridville, nzn_wu_jian_contemplation, uniq_duvessa

Skill      XL: |  1  2  3  4  5  6  7  8  9 |
---------------+----------------------------+-----
Axes           | 3 4 5 6 7 9 11 13 | 13.0
Fighting       | |  3.0
Armour         | |  1.7
Dodging        | |  1.7

Action                     |  1- 3 |  4- 6 |  7- 9 || total
---------------------------+-------+-------+-------++-------
  Melee: Hand axe          |   123 |   189 |   534 ||   846
 Invoke: Berserk           |     1 |     3 |     9 ||    13
         Trog's Hand       |       |     1 |     2 ||     3
    Use: Scroll            |     4 |     5 |     1 ||    10
         Potion            |       |       |     3 ||     3
   Stab: Sleeping          |     1 |       |       ||     1
 Armour: Animal skin       |     4 |       |       ||     4
         Ring mail         |    34 |    46 |       ||    80
         Scale mail        |       |    15 |    10 ||    25
         Plate armour      |       |       |   211 ||   211
  Dodge: Dodged            |    65 |   124 |   154 ||   343
  Block: Buckler           |    17 |    62 |   132 ||   211

Table legend: (Time is in decaauts)
 A = Elapsed time spent in this place.
 B = Non-inter-level travel time spent in this place.
 C = Inter-level travel time spent in this place.
 D = Time resting spent in this place.
 E = Time spent auto-exploring this place.
 F = Levels seen in this place.
 G = Mean time per level.
                   A        B        C        D        E       F      G
               +--------+--------+--------+--------+--------+-----+--------+
         Total |   8346 |   7765 |    581 |   1761 |   4178 |   8 | 1043.2 |
       Dungeon |   8214 |   7633 |    581 |   1740 |   4134 |   7 | 1173.4 |
         Sewer |    132 |    132 |      0 |     20 |     44 |   1 |  132.0 |
               +--------+--------+--------+--------+--------+-----+--------+

Top non-repeatable levels by time:
     D:6: 2094 daAuts
     D:5: 1726 daAuts
     D:1: 983 daAuts
     D:2: 926 daAuts
     D:3: 866 daAuts
     D:7: 815 daAuts
     D:4: 801 daAuts
   Sewer: 132 daAuts
